 Dungeon Crawl Stone Soup version 0.19.0-11-g3fc08b3 (webtiles) character file.

3190 Kozmen the Protected (level 9, -2/78 HPs)
             Began as a Minotaur Fighter on Nov 8, 2016.
             Was a Follower of Trog.
             Slain by a troll (4 damage)
             ... on level 9 of the Dungeon on Nov 9, 2016.
             The game lasted 00:53:01 (8904 turns).

Kozmen the Protected (Minotaur Fighter)             Turns: 8904, Time: 00:53:01

Health: -2/78      AC: 12    Str: 29    XL:     9   Next: 64%
Magic:  8/8        EV:  9    Int:  5    God:    Trog [*.....]
Gold:   528        SH: 12    Dex: 10    Spells: 0 memorised, 8 levels left

rFire  . . .     SeeInvis .     P - +0 flail (protect)
rCold  . . .     Gourm    .     H - +0 chain mail
rNeg   . . .     Faith    .     c - +0 shield
rPois  .         Spirit   .     (helmet restricted)
rElec  .         Reflect  .     (no cloak)
rCorr  .         Harm     .     (no gloves)
MR     .....                    F - +0 pair of boots
Stlth  ..........               (no amulet)
                                (no ring)
                                G - +5 ring of strength

@: no status effects
A: retaliatory headbutt, horns 2, blink
a: Blink, Berserk, Burn Spellbooks, Renounce Religion


You were on level 9 of the Dungeon.
You worshipped Trog.
Trog was aware of your devotion.
You were hungry.

You visited 2 branches of the dungeon, and saw 10 of its levels.

You collected 528 gold pieces.

Inventory:

Hand Weapons
 a - a +0 war axe
 t - a +0 hand axe
 x - a +0 mace of protection
 y - a +0 flail
 A - a +0 whip
 D - a +0 hand axe
 M - a +3 quarterstaff of chaos
 P - a +0 flail of protection (weapon)
 Y - a +0 war axe
Armour
 b - a +0 scale mail
 c - a +0 shield (worn)
 i - a +0 ring mail
 r - a +2 robe of cold resistance
 s - a +0 cloak
 B - a +0 ring mail
 F - a +0 pair of boots (worn)
 H - a +0 chain mail (worn)
 J - a +0 pair of boots
 O - a +0 scale mail
 U - a +0 animal skin
 V - a +0 buckler
 Z - a +0 pair of gloves
Jewellery
 G - a +5 ring of strength (left hand)
 I - an uncursed ring of wizardry
 L - an uncursed ring of wizardry
 W - a cursed -2 ring of dexterity
Wands
 T - a wand of iceblast (8/15)
 X - a wand of disintegration (8/24)
Scrolls
 e - 2 scrolls of enchant armour {unknown}
 f - a scroll of enchant weapon {unknown}
 g - 2 scrolls of fear {unknown}
 l - 3 scrolls of identify
 n - 7 scrolls of remove curse {unknown}
 o - 5 scrolls of teleportation {unknown}
 C - 2 scrolls of noise {unknown}
 E - 2 scrolls of amnesia {unknown}
 K - a scroll of fog {unknown}
 Q - a scroll of random uselessness {unknown}
 R - 2 scrolls of magic mapping {unknown}
Potions
 d - a potion of might
 j - a potion of agility {unknown}
 k - 3 potions of heal wounds {unknown}
 p - a potion of lignification {unknown}
 q - 4 potions of curing {unknown}
 u - 2 potions of degeneration {unknown}
 v - a potion of cancellation {unknown}
 z - 2 potions of brilliance {unknown}
 N - a potion of mutation {unknown}
Books
 w - a book of the Earth

   Spells                             Type                      Level
   a - Leda's Liquefaction            Hexes/Earth                  4
   b - Bolt of Magma                  Conjuration/Fire/Earth       5
   c - Statue Form                    Transmutation/Earth          6
   d - Iron Shot                      Conjuration/Earth            6
   e - Shatter                        Earth                        9
   Trog disapproves of the use of such an item.
Comestibles
 h - 4 meat rations
 S - a bread ration


   Skills:
 + Level 6.8 Fighting
 + Level 7.6(8.8) Axes
 + Level 6.8(8.4) Maces & Flails
 + Level 8.4 Armour
 + Level 3.4 Dodging
 + Level 1.0 Stealth
 + Level 8.2 Shields


You had 8 spell levels left.
You didn't know any spells.

Dungeon Overview and Level Annotations

Branches:
Dungeon (9/15)             Temple (1/1) D:7            Lair (0/6) D:8
    Orc: D:9-12

Altars:
Ashenzari
Elyvilon
Fedhas
Gozag
Hepliaklqana
Kikubaaqudgha
Makhleb
Nemelex Xobeh
Okawaru
Qazlal
Ru
Sif Muna
Trog
Uskayaw
Vehumet
Yredelemnul
Zin
The Shining One


Innate Abilities, Weirdness & Mutations

You reflexively headbutt those who attack you in melee.
You have a pair of horns on your head.
You can translocate small distances at will.


Message History

* * * LOW HITPOINT WARNING * * *
The troll claws you but does no damage. The troll closely misses you.
You closely miss the troll.
The troll is severely wounded.
You block the troll's attack.
The troll claws you but does no damage. x2
You closely miss the troll. You headbutt the troll!
The troll is almost dead.
You block the troll's attack. The troll claws you but does no damage.
The troll claws you.
* * * LOW HITPOINT WARNING * * *
You closely miss the troll. You headbutt the troll.
The troll is almost dead.
You block the troll's attack. The troll claws you.
* * * LOW HITPOINT WARNING * * *
The troll claws you but does no damage.
You closely miss the troll.
The troll is almost dead.
The troll bites you but does no damage. You block the troll's attack.
The troll claws you.
You die...

###+#### #......#
#......# #......+
#......# +..T...#
#..@...# ###'#### #..#
######'###### #######+##
#...........# ........[#
#...........# .........#
#...........# .........#
#...........#
.........###.....[.....+


You could see a troll.

Vanquished Creatures
  Pikel (D:7)
  A gargoyle (D:9)
  The ghost of Timinator the Conjurer, an amateur GrCj (D:4)
  2 hell hounds (D:8)
  A sky beast (D:7)
  A slave (D:7)
  2 orc warriors
  2 phantoms
  A necrophage (D:8)
  A crocodile (D:8)
  4 bullfrogs
  4 scorpions
  2 howler monkeys (D:4)
  A bullfrog zombie (D:8)
  2 crimson imps
  2 centaur zombies
  A bullfrog skeleton (D:5)
  2 hounds
  2 orc priests
  A centaur skeleton (D:4)
  Crazy Yiuf (D:5)
  Natasha (thrice) (D:4)
  An iguana (D:6)
  5 orc wizards
  6 worker ants
  2 hound skeletons
  A worker ant zombie (D:8)
  A gnoll (D:1)
  7 adders
  3 shadow imps
  2 worms (D:2)
  3 dart slugs
  5 leopard geckos
  17 orcs
  10 giant cockroaches
  10 goblins
  8 hobgoblins
  22 jackals
  3 quokkas
  6 bats
  6 frilled lizards
  3 kobolds
  A leopard gecko zombie (D:6)
  A quokka skeleton (D:4)
  9 rats
170 creatures vanquished.

Vanquished Creatures (others)
  A slave (D:7)
  A centaur (D:7)
  A crimson imp (D:7)
3 creatures vanquished.

Grand Total: 173 creatures vanquished

Notes
Turn   | Place    | Note
-------+----------+-------------------------------------------
     0 | D:1      | Kozmen the Minotaur Fighter began the quest for the Orb.
     0 | D:1      | Reached XP level 1. HP: 19/19 MP: 0/0
   252 | D:1      | Reached XP level 2. HP: 17/27 MP: 1/1
   509 | D:1      | Reached XP level 3. HP: 27/33 MP: 2/2
  1377 | D:2      | Reached XP level 4. HP: 40/40 MP: 3/3
  2696 | D:3      | Reached XP level 5. HP: 42/46 MP: 4/4
  2753 | D:3      | You fall through a shaft for 2 floors!
  2753 | D:5      | Entered Level 5 of the Dungeon
  2788 | D:5      | Reached skill level 1 in Maces & Flails
  2879 | D:4      | Noticed Timinator's ghost (amateur GrCj)
  3288 | D:4      | Reached skill level 5 in Armour
  3288 | D:4      | Reached skill level 5 in Shields
  3440 | D:4      | Reached XP level 6. HP: 49/53 MP: 5/5
  3475 | D:4      | Killed Timinator's ghost
  3475 | D:4      | Reached skill level 1 in Dodging
  3490 | D:4      | Noticed Natasha
  3498 | D:4      | Killed Natasha
  3642 | D:4      | Reached XP level 7. HP: 54/60 MP: 6/6
  3920 | D:4      | Noticed Natasha
  3933 | D:4      | Killed Natasha
  3933 | D:4      | Reached skill level 5 in Axes
  4070 | D:4      | Noticed Natasha
  4077 | D:4      | Killed Natasha
  4147 | D:4      | Reached skill level 5 in Fighting
  4670 | D:5      | Found a glowing silver altar of Zin.
  4976 | D:5      | Reached XP level 8. HP: 62/69 MP: 7/7
  5025 | D:5      | Found a runed door.
  5029 | D:5      | Noticed Crazy Yiuf
  5032 | D:5      | Killed Crazy Yiuf
  6482 | D:7      | Gained mutation: You can translocate small distances at will. [mutagenic meat]
  6547 | D:7      | Found a staircase to the Ecumenical Temple.
  6727 | D:7      | Noticed Pikel
  6746 | D:7      | Killed Pikel
  6746 | D:7      | Reached XP level 9. HP: 65/75 MP: 8/8
  7243 | Temple   | Entered the Ecumenical Temple
  7318 | Temple   | Became a worshipper of the Shining One
  7375 | Temple   | Fell from the grace of the Shining One
  7375 | Temple   | Became a worshipper of Trog the Wrathful
  7463 | D:8      | Found a staircase to the Lair.
  8121 | D:8      | Reached skill level 5 in Maces & Flails
  8325 | D:8      | Reached * piety under Trog
  8679 | D:9      | Noticed a gargoyle
  8694 | D:9      | Killed a gargoyle
  8694 | D:9      | Reached skill level 1 in Stealth
  8886 | D:9      | Noticed a troll
  8903 | D:9      | HP: 2/78 [troll (2)]
  8904 | D:9      | Slain by a troll

Skill      XL: |  1  2  3  4  5  6  7  8  9 |
---------------+----------------------------+-----
Armour         | 4 5 6 7 8 |  8.4
Shields        | 4 5 6 7 8 |  8.2
Fighting       | 4 5 6 |  6.8
Axes           | 3 4 6 7 |  7.6
Maces & Flails | 1 4 6 |  6.8
Dodging        | 1 2 3 |  3.4
Stealth        | 1 |  1.0

Action                   |  1- 3 |  4- 6 |  7- 9 || total
-------------------------+-------+-------+-------++-------
Melee: War axe           |   103 |   105 |   139 ||   347
       Headbutt          |    12 |    17 |    74 ||   103
       Mace              |       |    27 |       ||    27
       Flail             |       |       |   196 ||   196
Invok: Burn Spellbooks   |       |       |     1 ||     1
 Abil: Blink             |       |       |     1 ||     1
  Use: Scroll            |     1 |     1 |     7 ||     9
  Eat: Chunk             |     1 |     1 |     1 ||     3
       Bread ration      |       |     2 |     3 ||     5
       Pizza             |       |       |     1 ||     1
Armor: Scale mail        |    44 |    46 |    19 ||   109
       Chain mail        |       |       |   147 ||   147
Dodge: Dodged            |    37 |    45 |    99 ||   181
Block: Shield            |    65 |    68 |   224 ||   357
